 Dungeon Sprint DCSS version 0.22.1-2-g9c5b331383 (webtiles) character file.

7207 Groucho the Unseen (level 10, -2/55 HPs)
             Began as a Spriggan Enchanter on Nov 14, 2018.
             Was a High Priest of Dithmenos.
             Slain by a demonic crawler (8 damage)
             ... in the Dungeon (Sprint I: "Red Sonja").
             The game lasted 00:13:21 (2829 turns).

Groucho the Unseen (Spriggan Enchanter)             Turns: 2829, Time: 00:13:21

Health: -2/55      AC:  3    Str:  6    XL:     10   Next: 87%
Magic:  3/27       EV: 30    Int: 20    God:    Dithmenos [*****.]
Gold:   1240       SH:  0    Dex: 17    Spells: 21/33 levels left

rFire    + . .     SeeInvis +   r - +1 dagger (venom)
rCold    . . .     Gourm    .   (shield restricted)
rNeg     . . .     Faith    .   l - +1 robe "Keecw" {rF+ Str+2}
rPois    .         Spirit   .   (helmet restricted)
rElec    .         Reflect  .   (no cloak)
rCorr    .         Harm     .   (gloves unavailable)
MR       +....     NoTele   +   (boots unavailable)
Stlth    ++++++++++             (no amulet)
HPRegen  0.18/turn              (no ring)
MPRegen  0.20/turn              (no ring)

@: wreathed by umbra, very quick
A: very small, unfitting armour, see invisible, herbivore, speed 3, slow
metabolism 2
a: Shadow Step, Shadow Form, Renounce Religion


You were in the Dungeon.
You worshipped Dithmenos.
Dithmenos was extremely pleased with you.
You were not hungry.

You visited 1 branch You collected 1512 gold pieces.
You spent 272 gold pieces at shops.

Inventory:

Hand Weapons
 n - a +0 rapier
 o - a +0 blowgun
 r - a +1 dagger of venom (weapon)
Missiles
 m - 19 stones (quivered)
 q - 10 curare-tipped needles
Armour
 b - a +0 robe
 l - the +1 robe "Keecw" (worn) {rF+ Str+2}
   (You bought it in a shop in the Dungeon)

   It affects your strength (+2).
   It protects you from fire.
Jewellery
 k - the ring "Xaestoc" {rN+ MP-9 Dex+4 Stlth-, unknown}
   (You found it in the Dungeon)

   [ring of attention]

   It affects your dexterity (+4).
   It protects you from negative energy.
   It affects your magic capacity (-9).
   It makes you less stealthy.
Wands
 c - a wand of random effects (35)
 e - a wand of acid (10)
Scrolls
 a - a scroll of immolation {unknown}
 g - a scroll of magic mapping {unknown}
 j - a scroll of identify {unknown}
Potions
 f - 2 potions of heal wounds
 h - 2 potions of magic
 i - 3 potions of curing
Comestibles
 d - a ration


   Skills:
 * Level 7.0 Fighting
 * Level 9.3 Short Blades
 * Level 14.6 Dodging
 - Level 18.5 Stealth
 * Level 12.1 Spellcasting
 - Level 5.3 Conjurations
 * Level 14.4 Hexes


You had 21 spell levels left.
You knew the following spells:

 Your Spells              Type           Power        Failure   Level  Hunger
a - Corona                Hex            ######.      0%          1    None
b - Ensorcelled Hibernat  Hex/Ice        #####.       1%          2    None
c - Confuse               Hex            ######..     1%          3    None
d - Dazzling Spray        Conj/Hex       ######       1%          3    None
e - Tukima's Dance        Hex            ######..     1%          3    None

Your spell library contained the following spells:

 Spells                   Type           Power        Failure   Level  Hunger


Dungeon Overview and Level Annotations

Branches:
Dungeon (1/1)

Altars:
Cheibriados
Dithmenos
Elyvilon
Fedhas
Gozag
Hepliaklqana
Kikubaaqudgha
Makhleb
Nemelex Xobeh
Okawaru
Qazlal
Ru
Sif Muna
Trog
Uskayaw
Vehumet
Wu Jian
Xom
Yredelemnul
Zin
The Shining One
Jiyva
Lugonu

Shops:
D ?(?:((**[%=(}[![[


Innate Abilities, Weirdness & Mutations

You are very small and have problems with some larger weapons.
You are too small for most types of armour.
You have supernaturally acute eyesight. (SInv)
You are a herbivore.
You cover ground extremely quickly.
You need to consume almost no food.


Message History

* * * LOW HITPOINT WARNING * * *
You hit the demonic crawler but do no damage.
The demonic crawler is almost dead.
The demonic crawler hits you!
* * * LOW HITPOINT WARNING * * *
The demonic crawler completely misses you.
The demonic crawler misses you.
You hit the demonic crawler.
The demonic crawler is almost dead.
Your shadow closely misses the demonic crawler.
The demonic crawler barely misses you. The demonic crawler misses you.
The demonic crawler hits you.
* * * LOW HITPOINT WARNING * * *
You hit the demonic crawler but do no damage.
The demonic crawler is almost dead.
You hit the demonic crawler.
The demonic crawler is almost dead.
The demonic crawler gives a hideous shriek!
The demonic crawler misses you. The demonic crawler hits you!
You die...

####################
'§§#.)'..#__#..'@..#
#.§'§§#..'..'..#†s†##+#
##+#####'#__####)..'..#
#..#...#(####§§#####..+
####..##(#§§§.§#§.# ##
___##'#_.'§§§§.§.§#
∩...'..._#≈§§§§#§.#
.__##_.#'##+#####'###
___###'#.#)[..###§'.#


You could see a demonic crawler (blind).

Vanquished Creatures
  2 centaur warriors (D)
  Sonja (D)
  A deep troll (D)
  2 unseen horrors (D)
  An oklob plant (D)
  3 demonic crawlers (D)
  2 kobold demonologists (D)
  A hornet (D)
  A slime creature (D)
  Sigmund (D)
  2 redbacks (D)
  A yak (D)
  2 floating eyes (D)
  7 necrophages (D)
  An ogre (D)
  8 jellies (D)
  Ijyb (D)
  2 ballistomycetes (D)
  A ballistomycete spore (D)
40 creatures vanquished.

Vanquished Creatures (others)
  A gargoyle (D)
  A ballistomycete spore (D)
2 creatures vanquished.

Grand Total: 42 creatures vanquished

Notes
Turn   | Place    | Note
-------+----------+-------------------------------------------
     0 | D        | Groucho the Spriggan Enchanter began the quest for the Orb.
     0 | D        | Reached XP level 1. HP: 9/9 MP: 5/5
     2 | D        | Noticed Ijyb
    42 | D        | Killed Ijyb
    42 | D        | Reached skill level 7 in Stealth
    42 | D        | Reached skill level 5 in Hexes
    42 | D        | Reached XP level 2. HP: 4/13 MP: 6/8
   544 | D        | Noticed an ogre
   546 | D        | Killed an ogre
   546 | D        | Reached skill level 10 in Stealth
   546 | D        | Reached XP level 3. HP: 16/16 MP: 8/11
   546 | D        | Reached XP level 4. HP: 21/21 MP: 9/13
   756 | D        | Noticed Sigmund
   758 | D        | Killed Sigmund
   758 | D        | Reached skill level 13 in Stealth
   758 | D        | Reached XP level 5. HP: 24/24 MP: 14/16
   758 | D        | Reached XP level 6. HP: 28/28 MP: 14/17
   843 | D        | Killed a gargoyle
   882 | D        | Learned a level 2 spell: Ensorcelled Hibernation
   886 | D        | Learned a level 3 spell: Confuse
   890 | D        | Learned a level 3 spell: Dazzling Spray
   894 | D        | Learned a level 3 spell: Tukima's Dance
   904 | D        | Found a deep blue altar of Sif Muna.
   905 | D        | Found an ornate altar of the Wu Jian Council.
   906 | D        | Found a radiant altar of Vehumet.
   940 | D        | Found Koalel's Antique Weapon Emporium.
   940 | D        | Found an ancient bone altar of Kikubaaqudgha.
   940 | D        | Found a hazy altar of Hepliaklqana.
   940 | D        | Found a stormy altar of Qazlal.
   940 | D        | Found a hide-covered altar of Uskayaw.
   940 | D        | Found a blossoming altar of Fedhas.
   940 | D        | Found a bloodstained altar of Trog.
   940 | D        | Found an iron altar of Okawaru.
   940 | D        | Found a basalt altar of Yredelemnul.
   940 | D        | Found a glowing golden altar of the Shining One.
   940 | D        | Found a snail-covered altar of Cheibriados.
   940 | D        | Found a sacrificial altar of Ru.
   940 | D        | Found a glowing silver altar of Zin.
   940 | D        | Found a shadowy altar of Dithmenos.
   940 | D        | Found a white marble altar of Elyvilon.
   940 | D        | Noticed a yak
   942 | D        | Killed a yak
   942 | D        | Reached skill level 1 in Fighting
   942 | D        | Reached skill level 5 in Dodging
   942 | D        | Reached skill level 14 in Stealth
   942 | D        | Reached skill level 1 in Conjurations
   943 | D        | Found an opulent altar of Gozag.
   944 | D        | Found a sparkling altar of Nemelex Xobeh.
   948 | D        | Bought a glowing dagger for 130 gold pieces
   961 | D        | Found a viscous altar of Jiyva.
   961 | D        | Found a corrupted altar of Lugonu.
   961 | D        | Noticed a slime creature
   962 | D        | Found a burning altar of Makhleb.
   962 | D        | Found a shimmering altar of Xom.
   964 | D        | Killed a slime creature
   964 | D        | Reached XP level 7. HP: 35/35 MP: 20/20
   994 | D        | Noticed a centaur warrior
   994 | D        | Noticed a centaur warrior
   995 | D        | Killed a centaur warrior
   995 | D        | Reached skill level 16 in Stealth
   995 | D        | Reached skill level 10 in Hexes
   995 | D        | Reached XP level 8. HP: 40/40 MP: 22/22
   998 | D        | Killed a centaur warrior
   998 | D        | Reached skill level 5 in Short Blades
   998 | D        | Reached skill level 10 in Dodging
   998 | D        | Reached skill level 10 in Spellcasting
  1182 | D        | Noticed a hornet
  1185 | D        | Killed a hornet
  1185 | D        | Reached XP level 9. HP: 45/45 MP: 24/24
  1217 | D        | Became a worshipper of Dithmenos the Shadowed
  1241 | D        | Noticed an oklob plant
  1243 | D        | Killed an oklob plant
  1243 | D        | Reached skill level 17 in Stealth
  1253 | D        | Reached * piety under Dithmenos
  1283 | D        | Noticed an unseen horror
  1283 | D        | Noticed an unseen horror
  1289 | D        | Killed an unseen horror
  1289 | D        | Reached skill level 5 in Fighting
  1289 | D        | Reached skill level 18 in Stealth
  1299 | D        | Killed an unseen horror
  1299 | D        | Reached ** piety under Dithmenos
  1299 | D        | Reached XP level 10. HP: 49/51 MP: 19/25
  1436 | D        | Reached *** piety under Dithmenos
  1458 | D        | Reached **** piety under Dithmenos
  1516 | D        | Reached skill level 5 in Conjurations
  1667 | D        | Reached ***** piety under Dithmenos
  1678 | D        | Got a pitted silver ring
  1688 | D        | Found Diphibb's Book Shoppe.
  1688 | D        | Found Mamp's Magic Scroll Shop.
  1688 | D        | Found Gauja Boxu's Weapon Boutique.
  1690 | D        | Found Atzufogh's Antique Weapon Emporium.
  1690 | D        | Found Bajan's General Store.
  1690 | D        | Found Tuyf's Assorted Antiques.
  1690 | D        | Found Fegikk's Antique Armour Boutique.
  1690 | D        | Found Cogeur's Food Emporium.
  1690 | D        | Found Lagotea's Jewellery Shop.
  1690 | D        | Found Nebant's Weapon Shoppe.
  1694 | D        | Found Qogeh's Gadget Boutique.
  1695 | D        | Found Felom's Distillery.
  1695 | D        | Found Ycosijul's Armour Boutique.
  1696 | D        | Found Ezadi's Antique Armour Emporium.
  1715 | D        | Bought a fabulously ornate robe for 142 gold pieces
  1735 | D        | Identified the +1 robe "Keecw" {rF+ Str+2} (You bought it
                  | in a shop in the Dungeon)
  1797 | D        | Noticed a deep troll
  1800 | D        | Killed a deep troll
  1812 | D        | Found Emaaguem's Armour Emporium.
  1824 | D        | Noticed Sonja
  1827 | D        | Killed Sonja
  1848 | D        | Found Zadghud's Magic Scroll Boutique.
  2829 | D        | Slain by a demonic crawler

Skill      XL: |  1  2  3  4  5  6  7  8  9 10 |
---------------+-------------------------------+-----
Stealth        | 7 10 13 14 16 18 | 18.5
Spellcasting   | 4 6 7 8 9 10 12 | 12.1
Hexes          | 5 6 8 9 10 11 13 14 | 14.4
Fighting       | 2 3 4 5 7 |  7.0
Short Blades   | 3 4 5 7 9 |  9.3
Dodging        | 6 9 10 12 14 | 14.6
Conjurations   | 2 3 4 5 |  5.3

Action                   |  1- 3 |  4- 6 |  7- 9 | 10-12 || total
-------------------------+-------+-------+-------+-------++-------
Melee: Dagger            |    37 |     4 |     9 |    75 ||   125
Throw: Stone             |       |       |       |     3 ||     3
 Cast: Ensorcelled Hiber |       |     1 |     4 |     6 ||    11
       Dazzling Spray    |       |       |       |     9 ||     9
       Confuse           |       |       |       |     6 ||     6
Evoke: Wand              |       |       |       |     1 ||     1
  Use: Potion            |     3 |       |       |     2 ||     5
       Scroll            |       |       |     1 |       ||     1
 Stab: Sleeping          |     2 |     4 |     9 |    14 ||    29
       Confused          |       |       |       |     5 ||     5
       Invisible         |       |       |       |     5 ||     5
Armor: Robe              |     1 |       |       |     1 ||     2
Dodge: Dodged            |    18 |       |     4 |    92 ||   114
